 Dungeon Crawl Stone Soup version 0.27-a0-1065-ge809cff456 (webtiles) character file.

Game seed: 8278167176865718584

1118 leviel the Chopper (level 8, 0/121 HPs)
             Began as an Ogre Hunter on Apr 23, 2021.
             Slain by Sigmund
             ... wielding a +0 scythe
              (6 damage)
             ... on level 5 of the Dungeon.
             The game lasted 00:04:23 (3593 turns).

leviel the Chopper (Ogre Hunter)                    Turns: 3593, Time: 00:04:24

Health: 0/121      AC: 28    Str: 17 (19) XL:     8   Next: 34%
Magic:  8/8        EV:  1    Int:  9 (12) God:
Gold:   152        SH:  0    Dex:  8 (9)  Spells: 7/7 levels left

rFire    . . .     SeeInvis .   h - +3 broad axe (vorpal)
rCold    . . .     Faith    .   (no shield)
rNeg     + + +     Spirit   .   (armour currently unavailable)
rPois    +         Reflect  .   (helmet currently unavailable)
rElec    .         Harm     .   (cloak currently unavailable)
rCorr    .         Rampage  .   (gloves unavailable)
Will     .....     NoTele   +   (boots unavailable)
Stlth    ++........             (no amulet)
HPRegen  0.30/turn              i - +4 ring of protection
MPRegen  0.11/turn              (no ring)

@: brilliant, tree-form
A: stationary, stasis, torment immunity, boosted hp, large, unfitting armour,
(tough skin 1)
a: no special abilities


You were on level 5 of the Dungeon.
You were a tree.
You visited 1 branch of the dungeon, and saw 5 of its levels.

You collected 152 gold pieces.

Inventory:

Hand Weapons
 a - a +0 short sword
 h - a +3 vorpal broad axe (weapon)
Missiles
 c - 5 large rocks (quivered)
 d - 2 throwing nets
Armour
 b - a +0 robe (melded)
 l - a scarf of repulsion (melded)
Jewellery
 i - a +4 ring of protection (left branch)
 n - a ring of magical power
Wands
 r - a wand of acid (7)
Scrolls
 f - 4 scrolls of identify
 g - a scroll of summoning {unknown}
 j - a scroll of blinking {unknown}
 o - 2 scrolls of magic mapping
 p - a scroll of immolation {unknown}
 q - a scroll of amnesia {unknown}
Potions
 k - a potion of brilliance
 m - a potion of degeneration


   Skills:
 + Level 5.4 Fighting
 - Level 1.0 Short Blades
 + Level 6.4 Axes
 + Level 5.0 Throwing
 + Level 4.1 Dodging
 + Level 1.8 Stealth


You had 7 spell levels left.
You didn't know any spells.
Your spell library was empty.

Dungeon Overview and Level Annotations

Branches:
Dungeon (5/15)
 Temple: D:4-7

Altars:

Shops:
D:1 *

Annotations:
D:5 Sigmund


Innate Abilities, Weirdness & Mutations

You are a tree.
Your roots penetrate the ground, keeping you stationary.
You cannot be teleported.
You are immune to unholy pain and torment.
Your maximum health is greatly increased.
Your equipment is partially melded.
You are too large for most types of armour.
((You have tough skin. (AC +1)))


Message History

A puff of flame appears from out of thin air!
The puff of flame hits you.
You barely miss something. Something hits you.
You closely miss something. Something hits you!
* * * LOW HITPOINT WARNING * * *
Something hits you but does no damage.
You slash something! Something hits you but does no damage.
You miss something.
You hear some strange, mumbled words.
A magic dart appears from out of thin air!
The magic dart hits you.
* * * LOW HITPOINT WARNING * * *
You feel better. Something hits you!
* * * LOW HITPOINT WARNING * * *
You feel better. Something hits you but does no damage.
It was a potion of brilliance.
You feel clever all of a sudden. Something hits you!
* * * LOW HITPOINT WARNING * * *
It was a potion of degeneration.
There was something very wrong with that liquid.
You feel weakened.
You feel dopey.
You feel clumsy. Something hits you.
* * * LOW HITPOINT WARNING * * *
It was a potion of lignification.
You turn into a tree.
Your scarf of repulsion melds into your body.
Your +0 robe melds into your body.
The haze of the repulsion field disappears.
Your roots penetrate the ground.
Something hits you!
* * * LOW HITPOINT WARNING * * *
You miss something. Something hits you but does no damage.
You barely miss something.
You hear some strange, mumbled words.
A magic dart appears from out of thin air!
The magic dart hits you but does no damage.
You hear some strange, mumbled words.
Something tries to affect you, but you resist.
You barely miss something. Something hits you but does no damage.
You closely miss something. Something hits you.
You die...

#..#. #.>.. # ##.## #.
#... . #### ###.
#....#### #.
###.##.#.. #.
######[...#.#.#######.
#....♣{.#.............
##.###.......S.....###
#.. #......†.@§...#
#.. #........#....#
#.. ...............#
....###....####....#
.... .....## #....#
###. ##...# #......
.... #.....##


There were no monsters in sight!

Vanquished Creatures
  Pikel (D:4)
  An ogre (D:3)
  A lemure (D:4)
  3 phantoms
  Blork the orc (D:4)
  2 scorpions
  An iguana (D:4)
  An orc wizard (D:4)
  7 adders
  2 dart slugs
  7 orcs
  7 ball pythons
  9 endoplasms
  2 giant cockroaches
  4 goblins
  7 hobgoblins
  3 jackals (D:1)
  3 quokkas
  3 bats
  4 kobolds
  2 rats (D:1)
71 creatures vanquished.

Notes
Turn   | Place    | Note
-------+----------+-------------------------------------------
     0 | D:1      | leviel the Ogre Hunter began the quest for the Orb.
     0 | D:1      | Reached XP level 1. HP: 22/22 MP: 1/1
   173 | D:1      | Found Tufen's General Store.
   230 | D:1      | Reached XP level 2. HP: 27/29 MP: 2/2
   760 | D:2      | Reached XP level 3. HP: 36/36 MP: 3/3
   978 | D:2      | Found a faded altar of an unknown god.
  1117 | D:2      | Reached skill level 1 in Short Blades
  1399 | D:3      | Reached XP level 4. HP: 44/44 MP: 4/4
  1567 | D:3      | Reached skill level 1 in Axes
  1598 | D:3      | Noticed an ogre
  1609 | D:3      | Killed an ogre
  1610 | D:3      | Reached skill level 2 in Axes
  1610 | D:3      | Reached XP level 5. HP: 47/53 MP: 5/5
  1932 | D:4      | Noticed a phantom
  1937 | D:4      | Killed a phantom
  1938 | D:4      | Reached skill level 3 in Axes
  1938 | D:4      | Reached XP level 6. HP: 61/61 MP: 6/6
  2064 | D:4      | Reached skill level 1 in Stealth
  2221 | D:4      | Reached skill level 4 in Axes
  2231 | D:4      | Noticed Blork the orc
  2236 | D:4      | Killed Blork the orc
  2414 | D:4      | Reached XP level 7. HP: 27/70 MP: 7/7
  2727 | D:4      | Noticed Pikel
  2750 | D:4      | HP: 3/70 [Pikel/+2 whip of freezing (4)]
  2756 | D:4      | HP: 2/70 [Pikel/+2 whip of freezing (2)]
  2762 | D:4      | Killed Pikel
  2763 | D:4      | Reached skill level 5 in Fighting
  2763 | D:4      | Reached skill level 6 in Axes
  2763 | D:4      | Reached skill level 5 in Throwing
  2763 | D:4      | Reached XP level 8. HP: 23/80 MP: 8/8
  3314 | D:5      | Entered Level 5 of the Dungeon
  3555 | D:5      | Noticed Sigmund
  3589 | D:5      | HP: 5/121 [something (7)]
  3593 | D:5      | Slain by Sigmund

Illustrated notes

Levels and vault maps discovered:
D:1:      erik_arrival_orb_chamber, layout_rooms, serial_shops, shop,
          serial_park_tiny_2, amcnicky_mini_rare_corridor_liquid
D:2:      layout_rooms, basic_ecumenical_altar
D:3:      layout_basic, due_unseen_surprise
D:4:      layout_basic, uniq_blork_the_orc, uniq_pikel
D:5:      layout_basic, minmay_temple_entry_junction, uniq_grinder, uniq_sigmund

Skill      XL: |  1  2  3  4  5  6  7 |
---------------+----------------------+-----
Dodging        | 2 3 4 |  4.1
Short Blades   | 1 |  1.0
Fighting       | 3 4 5 |  5.4
Axes           | 2 3 4 6 |  6.4
Stealth        | 1 |  1.8
Throwing       | 5 |  5.0

Action                   |  1- 3 |  4- 6 |  7- 9 || total
-------------------------+-------+-------+-------++-------
Melee: Short sword       |    81 |       |       ||    81
       Broad axe         |    16 |    74 |    69 ||   159
Throw: Large rock        |     5 |     5 |       ||    10
  Use: Scroll            |     3 |       |       ||     3
       Potion            |     1 |       |     9 ||    10
 Stab: Sleeping          |     1 |     2 |     1 ||     4
Armor: Robe              |    46 |    24 |    43 ||   113
       Skin              |       |       |     3 ||     3
Dodge: Dodged            |    64 |    35 |    25 ||   124
       Repelled          |       |       |     1 ||     1

Table legend: (Time is in decaauts)
 A = Elapsed time spent in this place.
 B = Non-inter-level travel time spent in this place.
 C = Inter-level travel time spent in this place.
 D = Time resting spent in this place.
 E = Time spent auto-exploring this place.
 F = Levels seen in this place.
 G = Mean time per level.
                   A        B        C        D        E       F      G
               +--------+--------+--------+--------+--------+-----+--------+
         Total |   3669 |   3516 |    153 |    434 |   2514 |   5 |  733.8 |
       Dungeon |   3669 |   3516 |    153 |    434 |   2514 |   5 |  733.8 |
               +--------+--------+--------+--------+--------+-----+--------+

Top non-repeatable levels by time:
     D:4: 1419 daAuts
     D:1: 763 daAuts
     D:2: 609 daAuts
     D:3: 588 daAuts
     D:5: 287 daAuts
